 Dungeon Crawl Stone Soup version 0.28-a0-1412-gf95308ed99 (webtiles) character file.

Game seed: 15432799416894369272

137461 Deminshera the Peltast (level 17, 0/132 (136) HPs)
             Began as a Human Conjurer on Jan 6, 2022.
             Was a High Priest of Vehumet.
             Constricted to death by a starspawn tentacle (3 damage)
             ... attached to a tentacled starspawn
             ... on level 2 of the Abyss on Jan 7, 2022.
             The game lasted 01:24:17 (45831 turns).

Deminshera the Peltast (Human Conjurer)            Turns: 45831, Time: 01:24:17

HP:   0/132 (136)   AC:  0    Str:  4    XL:     17   Next: 83%
MP:   23/23         EV: 18    Int: 23    God:    Vehumet [*****.]
Gold: 2897          SH:  0    Dex: 11    Spells: 12/42 levels left

rFire   . . .      SeeInvis .   (weapon currently unavailable)
rCold   . . .      Faith    .   (shield currently unavailable)
rNeg    . . .      Spirit   .   (armour currently unavailable)
rPois   .          Reflect  .   (helmet currently unavailable)
rElec   .          Harm     .   (cloak currently unavailable)
rCorr   .          Rampage  .   (gloves currently unavailable)
Will    +....      Rage     9%  (boots currently unavailable)
Stlth   +++....... Rnd*Tele +   t - amulet of magic regeneration
HPRegen 0.00/turn               (ring currently unavailable)
MPRegen 0.58/turn               (ring currently unavailable)

@: mighty, agile, pig-form (expiring), on berserk cooldown, inhibited regen,
hasted and slowed, constricted, studying Bows, lightly drained, unable to read,
very quick
A: fast, no casting, small, [berserk 3], ([deformed body]), [deterioration 2],
[dopey 2], [low mp 3], [screaming 2], [inhibited regeneration], [teleportitis
2], [weak 2], [no potion heal 2], [inability to read while threatened]
a: Renounce Religion


You were on level 2 of the Abyss.
You worshipped Vehumet.
Vehumet was extremely pleased with you.
You were a filthy swine.
You visited 4 branches of the dungeon, and saw 23 of its levels.
You visited the Abyss 1 time.
You also visited: Ice Cave and Volcano.

You collected 3891 gold pieces.
You spent 994 gold pieces at shops.

Inventory:

Hand Weapons
 j - the +4 dagger of the Manifold Ghosts (melded) {flame, rC+}
   (You found it on level 2 of the Dungeon)

   It burns those it strikes, dealing additional fire damage.
   rC:        It protects you from cold.
 n - the +9 long sword of Instant Death {freeze, rF+}
   (You bought it in a shop on level 13 of the Dungeon)

   It freezes those it strikes, dealing additional cold damage.
   It can also slow down cold-blooded creatures.
   rF:        It protects you from fire.
Missiles
 i - 2 throwing nets
Armour
 a - a +0 kite shield (melded)
 e - a +2 robe of the Archmagi
 l - a +1 robe of resistance
 m - the +9 scale mail of Ashenzari's Approval {rF+}
   (You bought it in a shop on level 8 of the Dungeon)

   rF:        It protects you from fire.
 E - a +0 pair of gloves (melded)
 H - a scarf of resistance
 I - a +2 hat of see invisible (melded)
 P - a +0 pair of boots (melded)
 Q - a +2 cloak of fire resistance (melded)
Jewellery
 d - a ring of poison resistance (melded)
 t - an amulet of magic regeneration (around neck)
 A - the amulet of Xom's Generosity {Faith rC+ rN+ Int+3}
   (You found it on level 13 of the Dungeon)

   [amulet of faith]

   It allows you to gain divine favour quickly.
   Int:       It affects your intelligence (+3).
   rC:        It protects you from cold.
   rN:        It protects you from negative energy.
 J - a ring of protection from fire
 M - a ring of protection from cold
 V - a ring of wizardry (melded)
Wands
 b - a wand of flame (26)
 r - a wand of mindburst (15)
 B - a wand of polymorph (5)
 C - a wand of acid (7)
 K - a wand of paralysis (11)
 L - a wand of iceblast (8)
 U - a wand of charming (5)
Scrolls
 c - 2 scrolls of vulnerability
 p - 3 scrolls of fear
 q - 9 scrolls of amnesia
 w - a scroll of silence
 y - 4 scrolls of teleportation
 z - 3 scrolls of identify
 F - a scroll of blinking
 N - a scroll of fog
 W - a scroll of magic mapping
Potions
 f - a potion of attraction
 g - a potion of resistance
 h - 3 potions of brilliance
 k - 2 potions of flight
 o - 2 potions of lignification
 u - 2 potions of invisibility
 v - 2 potions of heal wounds
 x - a potion of ambrosia
 D - 3 potions of magic
 G - 7 potions of curing
 O - 2 potions of might
Miscellaneous
 S - a box of beasts


   Skills:
 - Level 13.0 Fighting
 - Level 7.0 Dodging
 - Level 7.0 Stealth
 - Level 15.0 Shields
 - Level 13.0 Spellcasting
 - Level 10.0 Conjurations
 - Level 3.0 Hexes
 - Level 3.0 Transmutations
 - Level 4.5 Fire Magic
 + Level 9.1 Ice Magic
 - Level 3.0 Air Magic
 - Level 2.0 Earth Magic
 - Level 3.0 Poison Magic


You had 12 spell levels left.
You knew the following spells:

 Your Spells              Type           Power      Damage    Failure   Level
a - Magic Dart            Conj           100%       1d8       1%          1
b - Searing Ray           Conj           100%       2d8       1%          2
c - Freezing Cloud        Conj/Ice/Air   24%        6-21      1%          5
d - Stone Arrow           Conj/Erth      84%        3d12      1%          3
e - Mephitic Cloud        Conj/Pois/Air  39%        N/A       1%          3
f - Ignite Poison         Fire/Tmut/Pois 31%        N/A       1%          3
g - Starburst             Conj/Fire      24%        6d8       9%          6
h - Ozocubu's Refrigerat  Ice            27%        4d10      21%         7

Your spell library contained the following spells:

 Spells                   Type           Power      Damage    Failure   Level
 Eringya's Noxious Bog    Tmut/Pois      14%        N/A       41%         6
 Freeze                   Ice            100%       1d11      1%          1
 Sandblast                Erth           48%        2d12      1%          1
 Shock                    Conj/Air       100%       1d9       1%          1
 Dazzling Flash           Conj/Hex       88%        N/A       1%          3
 Ozocubu's Armour         Ice            54%        N/A       1%          3
 Fulminant Prism          Conj/Hex       22%        3d13      1%          4
 Hailstorm                Conj/Ice       56%        3d12      1%          4
 Iskenderun's Mystic Bla  Conj/Tloc      37%        2d9       1%          4
 Passwall                 Tmut/Erth      21%        N/A       2%          2
 Confusing Touch          Hex            28%        N/A       3%          3
 Swiftness                Air            28%        N/A       3%          3
 Airstrike                Air            14%        N/A       3%          4
 Apportation              Tloc           28%        N/A       4%          1
 Yara's Violent Unravell  Hex/Tmut       14%        3d7       9%          5
 Alistair's Intoxication  Tmut/Pois      18%        N/A       32%         5
 Simulacrum               Ice/Necr       17%        N/A       69%         6
 Enfeeble                 Hex            14%        N/A       100%        7


Dungeon Overview and Level Annotations

Branches:
Dungeon (14/15)            Temple (1/1) D:6            Lair (6/6) D:10
  Snake (0/4) Lair:3       Spider (0/4) Lair:3        Slime (0/5) Lair:5
    Orc (2/2) D:9             Elf (0/3) Orc:2         IceCv (visited)
Volcano (visited)
 Vaults: D:13-14

Altars:
Ashenzari
Cheibriados
Gozag
Okawaru
Ru
Vehumet
Xom
Yredelemnul

Shops:
D:4 (   D:8 [   D:13 (   Orc:2 *=:*


Innate Abilities, Weirdness & Mutations

You are a filthy swine.
You move quickly.
Your equipment is almost entirely melded.
You are incapable of wielding weapons or throwing items.
You cannot cast spells.
[You have an uncontrollable temper.]
[((Armour fits poorly on your strangely shaped body.))]
[Your body often deteriorates upon taking damage.]
[You are very dopey. (Int -4)]
[Your magical capacity is extremely low. (-30% MP)]
[You frequently scream uncontrollably at your foes.]
[You do not regenerate when monsters are visible.]
[You are sometimes teleported next to monsters.]
[You are very weak. (Str -4)]
[Potions cannot restore your health.]
[You sometimes lose the ability to read scrolls when taking damage.]


Message History

You are poisoned.
You resist.
* * * LOW HITPOINT WARNING * * *
You feel a strong urge to attack something.
You are engulfed in seething chaos.
You feel mightier all of a sudden.
You are no longer berserk.
You are exhausted.
You feel yourself slow down.
* * * LOW HITPOINT WARNING * * *
You feel sick.
The apocalypse crab is engulfed in seething chaos.
The apocalypse crab suddenly stops moving!
Your system rejects the healing.
You feel better.
You are engulfed in seething chaos.
You feel yourself speed up.
The apocalypse crab is engulfed in seething chaos. x2
You cannot read scrolls in your current state!
You feel as though your hastened speed will last longer.
You are engulfed in seething chaos.
You turn into a filthy swine.
The +4 dagger of the Manifold Ghosts {flame, rC+} melds into your body.
Your +2 cloak of fire resistance melds into your body.
Your +2 hat of see invisible melds into your body.
Your +0 pair of gloves melds into your body.
Your +0 pair of boots melds into your body.
Your +0 kite shield melds into your body.
Your ring of wizardry melds into your body.
Your ring of poison resistance melds into your body.
The +4 dagger of the Manifold Ghosts {flame, rC+} stops flaming.
You feel less resistant to fire.
You feel less perceptive.
The apocalypse crab is engulfed in seething chaos.
The tentacled starspawn is engulfed in seething chaos.
The tentacled starspawn seems to speed up.
Tentacles burst from the starspawn's body! 2 starspawn tentacles come into view.
Unknown command.
Okay, then.
The starspawn tentacle closely misses you.
Your transformation is almost over.
The starspawn tentacle barely misses you. x2
The starspawn tentacle grabs you. The starspawn tentacle constricts you.
You die...

##
.#####.###
.......h.##
........w.#
.......X.##
....##.#.#
### ##V.#
#....#.##
..
#....#X.# .
#... +..#
.....##..#


You could see a tentacled starspawn (fast), a large abomination and a starspawn
tentacle.

Vanquished Creatures
  2 tentacled starspawn (Abyss:2)
  Gastronok (D:7)
  Snorg (Lair:3)
  Josephine (Orc:2)
  The ghost of Simpacva the Unseen, a journeyman SpEn of Dithmenos (D:13)
  2 fire dragons
  2 boulder beetles
  7 hydras
  Harold (D:8)
  2 death knights
  2 two-headed ogres
  16 death yaks
  The ghost of Lekart the Fighter, a novice DrFi of Makhleb (D:10)
  Erica (D:8)
  Urug (Lair:3)
  6 orc high priests
  A hell knight (Volcano)
  A salamander mystic (Volcano)
  2 sixfirhies (Abyss:2)
  A wretched star (Abyss:2)
  An orb spider (Lair:3)
  A glowing orange brain (D:13)
  A swamp dragon (Lair:6)
  A wizard (D:14)
  8 orc knights
  A lindwurm (Lair:4)
  The ghost of Sapher the Reanimator, a novice DEEE of Sif Muna (D:10)
  3 orc sorcerers (Orc:1)
  6 salamanders (Volcano)
  A wolf spider (D:11)
  5 manticores
  A worldbinder (Abyss:2)
  6 ugly things
  4 cyclopes
  4 deep elf pyromancers
  2 ice statues (IceCv)
  A torpor snail (Lair:2)
  8 black mambas
  An orange demon (Abyss:2)
  11 cane toads
  A naga zombie (Abyss:2)
  A gargoyle (D:11)
  An unseen horror (D:10)
  A kobold demonologist (D:10)
  19 rime drakes
  11 komodo dragons
  2 freezing wraiths
  An efreet (D:14)
  2 ancient zymes (Abyss:2)
  13 polar bears
  6 trolls
  A wolf spider simulacrum (D:14)
  2 raiju
  2 hornets (D:8)
  13 blink frogs
  6 dream sheep (Lair:6)
  7 slime creatures
  A jumping spider (shapeshifter) (D:11)
  A shadow (D:10)
  A vampire (D:13)
  4 wraiths
  3 wyverns
  Eustachio (D:4)
  33 yaks
  A black mamba skeleton (Abyss:2)
  A yak (shapeshifter) (D:14)
  3 basilisks
  2 large abominations (Abyss:2)
  11 steam dragons
  A neqoxec (Abyss:2)
  16 vampire mosquitoes
  6 wargs
  Menkaure (D:4)
  A death yak simulacrum (IceCv)
  2 nagas (Lair:3)
  11 water moccasins
  5 acid dragons
  16 hell hounds
  An ice beast (D:6)
  35 orc warriors
  12 black bears
  A sky beast (D:5)
  2 swamp drakes
  2 necrophages
  4 ogres (Orc:2)
  28 wolves
  4 centaurs
  A kobold brigand (D:10)
  2 phantoms
  Blork the orc (D:6)
  3 small abominations (Abyss:2)
  11 bullfrogs
  2 gnoll sergeants
  4 scorpions
  A water moccasin zombie (D:3)
  A wyvern skeleton (D:7)
  4 killer bees (D:9)
  2 electric eels (Lair:6)
  11 howler monkeys
  4 lava snakes (D:13)
  A bullfrog zombie (D:7)
  2 centaur zombies
  A quasit (Abyss:2)
  13 jellies
  32 orc priests
  3 bullfrog skeletons
  2 centaur skeletons
  Crazy Yiuf (D:6)
  2 hounds
  An iron imp (Abyss:2)
  19 orc wizards
  7 iguanas
  A polar bear simulacrum (IceCv)
  A killer bee zombie (D:9)
  A hound skeleton (D:5)
  7 adders
  11 gnolls
  A howler monkey skeleton (D:7)
  14 white imps
  An adder skeleton (D:2)
  3 worms
  3 dart slugs
  74 orcs
  7 endoplasms
  A giant cockroach (D:2)
  8 goblins
  2 hobgoblins
  10 jackals
  14 kobolds
  11 quokkas
  7 ball pythons
  6 bats
  4 frilled lizards
  5 rats (D:1)
741 creatures vanquished.

Vanquished Creatures (others)
  A centaur simulacrum (D:14)
  A necrophage (D:6)
  2 fulminant prisms
  27 fungi
  70 plants
  9 starspawn tentacles (Abyss:2)
110 creatures vanquished.

Grand Total: 851 creatures vanquished

Notes
Turn   | Place    | Note
-------+----------+-------------------------------------------
     0 | D:1      | Deminshera the Human Conjurer began the quest for the Orb.
     0 | D:1      | Reached XP level 1. HP: 13/13 MP: 3/3
   485 | D:1      | Reached XP level 2. HP: 15/19 MP: 1/5
   653 | D:1      | Found a faded altar of an unknown god.
   975 | D:1      | Learned a level 2 spell: Searing Ray
  1366 | D:1      | Reached XP level 3. HP: 24/24 MP: 3/6
  2237 | D:2      | Reached XP level 4. HP: 29/30 MP: 2/8
  3313 | D:2      | Identified the +4 dagger of the Manifold Ghosts {flame,
                  | rC+}
  3444 | D:2      | Found a sacrificial altar of Ru.
  3738 | D:3      | Reached skill level 5 in Conjurations
  3808 | D:3      | Reached XP level 5. HP: 35/35 MP: 2/10
  3915 | D:3      | Learned a level 4 spell: Fulminant Prism
  4710 | D:3      | Reached skill level 1 in Hexes
  5340 | D:3      | Reached XP level 6. HP: 25/41 MP: 7/11
  6778 | D:4      | You fall into a shaft and drop 1 floor!
  6778 | D:5      | Entered Level 5 of the Dungeon
  6791 | D:5      | Noticed a necrophage
  6804 | D:5      | Killed a necrophage
  6805 | D:5      | Reached XP level 7. HP: 20/46 MP: 3/13
  7552 | D:5      | Learned a level 3 spell: Stone Arrow
  7720 | D:5      | Reached skill level 5 in Spellcasting
  8068 | D:5      | Reached XP level 8. HP: 43/52 MP: 6/15
  8600 | D:4      | Noticed Eustachio
  8614 | D:4      | Killed Eustachio
  9069 | D:4      | Noticed Menkaure
  9237 | D:4      | Killed Menkaure
  9530 | D:4      | Found Qiusoth's Antique Weapon Emporium.
 10421 | D:5      | Reached skill level 1 in Earth Magic
 10990 | D:6      | Reached skill level 1 in Fighting
 11067 | D:6      | Reached XP level 9. HP: 56/64 MP: 6/18
 11709 | D:6      | Reached skill level 5 in Fighting
 11751 | D:6      | Noticed Blork the orc
 11757 | D:6      | Killed Blork the orc
 12021 | D:6      | Learned a level 3 spell: Mephitic Cloud
 12025 | D:6      | Learned a level 3 spell: Ignite Poison
 12299 | D:6      | Found a staircase to the Ecumenical Temple.
 12434 | Temple   | Entered the Ecumenical Temple
 12467 | Temple   | Became a worshipper of Vehumet
 12615 | D:6      | Found a runed translucent door.
 12616 | D:6      | Noticed Crazy Yiuf
 12625 | D:6      | Killed Crazy Yiuf
 13158 | D:7      | Reached XP level 10. HP: 63/80 MP: 4/19
 13208 | D:7      | Reached * piety under Vehumet
 13208 | D:7      | Offered knowledge of Foxfire by Vehumet.
 13209 | D:7      | Reached skill level 1 in Fire Magic
 13421 | D:7      | Found a snail-covered altar of Cheibriados.
 13433 | D:7      | Reached skill level 1 in Poison Magic
 13542 | D:7      | Reached skill level 1 in Transmutations
 13681 | D:8      | Noticed Gastronok
 13959 | D:7      | Killed Gastronok
 14360 | D:8      | Found Etagryl's Antique Armour Shoppe.
 14438 | D:8      | Noticed Erica
 14449 | D:8      | Killed Erica
 14450 | D:8      | Reached XP level 11. HP: 56/86 MP: 2/22
 14697 | D:8      | Noticed Harold
 14705 | D:8      | Killed Harold
 15706 | D:8      | Bought a glowing cloak for 225 gold pieces
 15904 | D:9      | Reached skill level 10 in Conjurations
 16002 | D:9      | Reached skill level 1 in Shields
 16059 | D:9      | Found a staircase to the Orcish Mines.
 16068 | D:9      | Reached skill level 2 in Shields
 16693 | D:9      | Reached skill level 3 in Shields
 16870 | D:9      | Noticed a deep elf pyromancer
 16872 | D:9      | Killed a deep elf pyromancer
 16877 | D:9      | Reached skill level 4 in Shields
 16880 | D:9      | Offered knowledge of Scorch by Vehumet.
 16895 | D:9      | Reached ** piety under Vehumet
 17220 | D:10     | Entered Level 10 of the Dungeon
 17507 | D:10     | Found a staircase to the Lair.
 17527 | D:10     | Reached skill level 5 in Shields
 17794 | D:10     | Noticed a two-headed ogre
 17798 | D:10     | Killed a two-headed ogre
 17799 | D:10     | Reached skill level 6 in Shields
 17969 | D:10     | Noticed a sixfirhy
 17971 | D:10     | Reached skill level 7 in Shields
 18263 | D:10     | Found a runed translucent gate.
 18264 | D:10     | Found a runed translucent gate.
 18265 | D:10     | Found a runed translucent gate.
 18267 | D:10     | Noticed Lekart's ghost (novice DrFi)
 18268 | D:10     | Noticed Sapher's ghost (novice DEEE)
 18269 | D:10     | Found the +8 autumn katana {vorpal, manifold assault}
 18286 | D:10     | Killed Lekart's ghost
 18309 | D:10     | Killed Sapher's ghost
 18310 | D:10     | Reached skill level 8 in Shields
 18310 | D:10     | Reached XP level 12. HP: 67/92 MP: 10/24
 19315 | D:11     | Reached skill level 9 in Shields
 19712 | D:11     | Noticed a boulder beetle
 19722 | D:11     | Killed a boulder beetle
 19904 | D:11     | Noticed a two-headed ogre
 19913 | D:11     | Killed a two-headed ogre
 19914 | D:11     | Reached skill level 10 in Shields
 20084 | D:11     | Noticed an eight-headed hydra
 20089 | D:11     | Killed an eight-headed hydra
 20256 | D:11     | Noticed a shock serpent
 20341 | Lair:1   | Entered Level 1 of the Lair of Beasts
 20513 | Lair:1   | Offered knowledge of Poisonous Vapours by Vehumet.
 20863 | Lair:1   | Noticed a five-headed hydra
 20869 | Lair:1   | Killed a five-headed hydra
 20869 | Lair:1   | Reached *** piety under Vehumet
 21314 | Lair:2   | Noticed a six-headed hydra
 21320 | Lair:2   | Killed a six-headed hydra
 21487 | Lair:2   | Reached XP level 13. HP: 101/101 MP: 5/26
 21493 | Lair:2   | Reached skill level 11 in Shields
 21912 | D:8      | Bought a fine ring mail for 270 gold pieces
 21912 | D:8      | Identified the +2 ring mail of the Slug {rF+ SInv Stlth-}
                  | (You bought it in a shop on level 8 of the Dungeon)
 22132 | Lair:2   | Offered knowledge of Hailstorm by Vehumet.
 23489 | Lair:3   | Found a frozen archway.
 23528 | IceCv    | Entered an ice cave
 23539 | IceCv    | Reached skill level 10 in Fighting
 23540 | IceCv    | Found a transporter.
 23552 | IceCv    | Found a transporter.
 23692 | IceCv    | Got the Almanac of Cold
 24172 | Lair:3   | Found an iron altar of Okawaru.
 24297 | Lair:3   | Reached **** piety under Vehumet
 24303 | Lair:3   | Reached skill level 10 in Spellcasting
 24510 | Lair:3   | Noticed Urug
 24519 | Lair:3   | Noticed Snorg
 24520 | Lair:3   | Killed Urug
 24538 | Lair:3   | Killed Snorg
 24651 | Lair:3   | Reached skill level 12 in Shields
 24872 | Lair:3   | Found a staircase to the Snake Pit.
 24936 | Lair:3   | Found a hole to the Spider Nest.
 24941 | Lair:3   | Offered knowledge of Conjure Flame by Vehumet.
 25347 | Lair:4   | Found a dark tunnel.
 25357 | Volcano  | Entered a volcano
 25384 | Volcano  | Found a bloodstained altar of Trog.
 25723 | Volcano  | Reached XP level 14. HP: 57/113 MP: 21/28
 27339 | Lair:3   | Reached skill level 13 in Shields
 27347 | Lair:3   | Learned a level 5 spell: Freezing Cloud
 28750 | Lair:5   | Reached skill level 1 in Ice Magic
 28750 | Lair:5   | Reached skill level 1 in Air Magic
 28929 | Lair:5   | Found a staircase to the Slime Pits.
 28964 | Lair:5   | Reached ***** piety under Vehumet
 28964 | Lair:5   | Offered knowledge of Yara's Violent Unravelling by Vehumet.
 29990 | Lair:6   | Entered Level 6 of the Lair of Beasts
 31034 | Lair:5   | Reached XP level 15. HP: 66/120 MP: 20/30
 31936 | Lair:6   | Reached skill level 5 in Stealth
 31939 | Lair:6   | Reached skill level 14 in Shields
 32925 | Lair:5   | Offered knowledge of Starburst by Vehumet.
 32933 | Lair:5   | Learned a level 6 spell: Starburst
 33455 | Lair:6   | Reached skill level 5 in Dodging
 35350 | Orc:1    | Entered Level 1 of the Orcish Mines
 35358 | Orc:1    | Paralysed by an orc sorcerer for 6 turns
 35893 | D:9      | Identified a scroll of acquirement
 35893 | D:9      | Acquired 791 gold pieces
 36225 | Orc:2    | Entered Level 2 of the Orcish Mines
 36658 | Orc:2    | Found a staircase to the Elven Halls.
 36696 | Orc:2    | Offered knowledge of Lightning Bolt by Vehumet.
 37103 | Orc:2    | Noticed Josephine
 37114 | Orc:2    | Killed Josephine
 37755 | Orc:2    | Reached XP level 16. HP: 126/127 MP: 21/32
 38580 | Orc:2    | Offered knowledge of Ozocubu's Refrigeration by Vehumet.
 38589 | Orc:2    | Learned a level 7 spell: Ozocubu's Refrigeration
 38821 | Orc:2    | Found Dizecsuu's Assorted Antiques.
 38824 | Orc:2    | Found Pisyrghas's Book Shoppe.
 38825 | Orc:2    | Found Qeet's Assorted Antiques.
 38826 | Orc:2    | Found Imuyn's Jewellery Emporium.
 39200 | D:8      | Bought a faintly glowing scale mail for 270 gold pieces
 39200 | D:8      | Identified the +9 scale mail of Ashenzari's Approval {rF+}
                  | (You bought it in a shop on level 8 of the Dungeon)
 39712 | D:12     | Reached skill level 15 in Shields
 40157 | D:12     | Reached XP level 17. HP: 135/135 MP: 33/33
 41641 | D:13     | Found Civum's Antique Weapon Boutique.
 42127 | D:13     | Found a runed translucent door.
 42299 | D:13     | Bought a pitted long sword for 229 gold pieces
 42299 | D:13     | Identified the +9 long sword of Instant Death {freeze, rF+}
                  | (You bought it in a shop on level 13 of the Dungeon)
 42414 | D:13     | Noticed Simpacva's ghost (journeyman SpEn)
 42452 | D:13     | Killed Simpacva's ghost
 42453 | D:13     | Identified the amulet of Xom's Generosity {Faith rC+ rN+
                  | Int+3}
 44575 | D:14     | HP: 3/136 [deep elf archer/arrow (15)]
 45172 | D:14     | Cast into level 2 of the Abyss (a wizard)
 45305 | Abyss:2  | Noticed a tentacled starspawn
 45424 | Abyss:2  | Noticed a tentacled starspawn
 45430 | Abyss:2  | Killed a tentacled starspawn
 45450 | Abyss:2  | Noticed a tentacled starspawn
 45462 | Abyss:2  | Killed a tentacled starspawn
 45797 | Abyss:2  | Noticed a tentacled starspawn
 45799 | Abyss:2  | Offered knowledge of Eringya's Noxious Bog by Vehumet.
 45814 | Abyss:2  | Paralysed by you for 6 turns
 45821 | Abyss:2  | HP: 8/198 [apocalypse crab/blast of chaos (3)]
 45822 | Abyss:2  | HP: 3/132 [poisoned by an apocalypse crab (blast of chaos)]
 45831 | Abyss:2  | Constricted to death by a starspawn tentacle

Illustrated notes

Levels and vault maps discovered:
D:1:      lemuel_arrival_tunnels, layout_loops_ring,
          shapermc_ecumenical_altar_pompeii, minmay_misc_feat_square,
          roderic_lattice_a
D:2:      layout_basic, serial_curves, eino_curves_02, eino_curves_03,
          basic_altar
D:3:      layout_basic
D:4:      layout_loops_ring, serial_shops, shop_statue, uniq_eustachio,
          uniq_menkaure
D:5:      layout_basic
D:6:      layout_rooms, minmay_temple_entry_fiery, uniq_blork_the_orc,
          uniq_crazy_yiuf_cottage
D:7:      black_bear_nest_2, layout_cave_pools, cheibrodos_worm_habitat
D:8:      layout_basic, serial_shops, shop, uniq_harold, uniq_gastronok,
          uniq_erica
D:9:      layout_basic, david_orc_2
D:10:     kennysheep_ambush_hall, layout_irregular_city, david_lair_shrubbed,
          gammafunk_ghost_cemetery, serial_park_tiny_1
D:11:     minmay_cornered_nines, layout_basic
D:12:     layout_basic, kennysheep_nondescript
D:13:     layout_basic, ebering_ghost_reflecting_pool, serial_shops,
          nicolae_inconvenience_store
D:14:     minmay_the_grid_square_5x5_5x5_mashed
          [minmay_the_grid_square_5x5_one_wall,
          minmay_the_grid_square_5x5_checkered_statues,
          minmay_the_grid_square_5x5_sharp_hourglass,
          minmay_the_grid_square_5x5_minibox, minmay_the_grid_square_5x5_v,
          minmay_the_grid_square_5x5_minivault,
          minmay_the_grid_square_5x5_prize_pseudospiral,
          minmay_the_grid_square_5x5_six,
          minmay_the_grid_square_5x5_prize_waves,
          minmay_the_grid_square_5x5_inner_z, minmay_the_grid_square_5x5_bridge,
          minmay_the_grid_square_5x5_intrusive_squares,
          minmay_the_grid_square_5x5_prize_gold,
          minmay_the_grid_square_5x5_percent,
          minmay_the_grid_square_5x5_three_small,
          minmay_the_grid_square_5x5_tetrominoes,
          minmay_the_grid_square_5x5_prize_open,
          minmay_the_grid_square_5x5_two_walls_a,
          minmay_the_grid_square_5x5_prize_deathbox,
          minmay_the_grid_square_5x5_shuriken,
          minmay_the_grid_square_5x5_moneybag,
          minmay_the_grid_square_5x5_eight_small,
          minmay_the_grid_square_5x5_fat_x,
          minmay_the_grid_square_5x5_bracketed,
          minmay_the_grid_square_5x5_plus], layout_basic, david_vaults_1
Temple:   mainiacjoe_temple_archimedes_tessellation
Lair:1:   layout_regular_city
Lair:2:   layout_hall_layers, infiniplex_staircase_pool, grunt_megastairs_5,
          lemuel_fruit_tree, serial_bayou_shore_b
Lair:3:   layout_gridlike, guppyfry_snake_entry_garden,
          nicolae_spider_entry_orb_guardian, portal_ice_cave_entry_imps,
          basic_altar, pond, grunt_megastairs_4, uniq_snorg, uniq_urug
Lair:4:   layout_regular_city, lightli_volcano_entry_magma_tube,
          bobbens_dragon_lair_wall
Lair:5:   layout_cave_pods, minmay_slime_entry_jelly_boxes,
          minmay_lair_drake_nest, infiniplex_staircase_pool_2
Lair:6:   hangedman_lair_caniforms_friends, layout_hall_layers,
          guppyfry_lair_end_dragon, serial_bayou_shore_a, serial_bayou_shore_b,
          grunt_megastairs_3
Orc:1:    layout_caves
Orc:2:    st_orc_pillars, layout_diamond_mine, uniq_josephine
Abyss:2:  base: Lair:4, hangedman_illusive_loot, evilmike_abyss_exit_15,
          evilmike_abyss_exit_1

Skill      XL: |  1  2  3  4  5  6  7  8  9 10 11 12 13 14 15 16 17 |
---------------+----------------------------------------------------+-----
Spellcasting   | 3 4 5 6 7 8 9 10 11 12 13 | 13.0
Conjurations   | 5 6 8 9 10 | 10.0
Hexes          | 1 2 3 |  3.0
Earth Magic    | 2 |  2.0
Fighting       | 3 8 9 11 12 13 | 13.0
Fire Magic     | 3 4 |  4.5
Poison Magic   | 3 |  3.0
Transmutations | 3 |  3.0
Dodging        | 3 6 7 |  7.0
Shields        | 8 10 12 13 14 15 | 15.0
Ice Magic      | 2 3 6 9 |  9.1
Air Magic      | 2 3 |  3.0
Stealth        | 3 7 |  7.0

Action                   |  1- 3 |  4- 6 |  7- 9 | 10-12 | 13-15 | 16-18 || total
-------------------------+-------+-------+-------+-------+-------+-------++-------
Melee: Club              |     6 |     1 |       |       |       |       ||     7
       Dagger            |       |    26 |    50 |     6 |    20 |    41 ||   143
       Punch             |       |       |     1 |       |       |       ||     1
 Cast: Magic Dart        |    62 |    69 |    54 |       |       |       ||   185
       Searing Ray       |       |    11 |     8 |     1 |       |     1 ||    21
       Stone Arrow       |       |       |    66 |   231 |   647 |   303 ||  1247
       Fulminant Prism   |       |       |     2 |       |       |       ||     2
       Mephitic Cloud    |       |       |     7 |    28 |    28 |     4 ||    67
       Ignite Poison     |       |       |     6 |    18 |    16 |     2 ||    42
       Freezing Cloud    |       |       |       |       |    26 |    14 ||    40
       Starburst         |       |       |       |       |    13 |    20 ||    33
       Ozocubu's Refrige |       |       |       |       |       |     4 ||     4
  Use: Scroll            |       |     1 |     2 |    16 |    11 |     9 ||    39
       Potion            |       |       |     1 |     4 |     3 |     9 ||    17
 Stab: Confused          |       |       |       |     1 |       |       ||     1
       Distracted        |       |       |       |       |       |     1 ||     1
Armor: Robe              |     4 |    10 |    14 |    30 |   116 |    57 ||   231
       Skin              |       |       |     1 |       |       |     7 ||     8
Dodge: Dodged            |     6 |    19 |    41 |    53 |   158 |    82 ||   359
Block: Kite shield       |       |       |       |    18 |   258 |   113 ||   389

Table legend: (Time is in decaauts)
 A = Elapsed time spent in this place.
 B = Non-inter-level travel time spent in this place.
 C = Inter-level travel time spent in this place.
 D = Time resting spent in this place.
 E = Time spent auto-exploring this place.
 F = Levels seen in this place.
 G = Mean time per level.
                   A        B        C        D        E       F      G
               +--------+--------+--------+--------+--------+-----+--------+
         Total |  46035 |  44226 |   1809 |  23594 |  14920 |  26 | 1770.6 |
       Dungeon |  26851 |  25694 |   1157 |  14288 |   8814 |  14 | 1917.9 |
        Temple |     64 |     34 |     30 |      0 |     26 |   1 |   64.0 |
          Lair |  13865 |  13439 |    426 |   6860 |   4920 |   6 | 2310.8 |
  Orcish Mines |   3646 |   3450 |    196 |   1542 |   1145 |   2 | 1823.0 |
         Abyss |    655 |    655 |      0 |    258 |      0 |   1 |  655.0 |
      Ice Cave |    534 |    534 |      0 |    444 |      0 |   1 |  534.0 |
       Volcano |    416 |    416 |      0 |    201 |     15 |   1 |  416.0 |
               +--------+--------+--------+--------+--------+-----+--------+

Top non-repeatable levels by time:
  Lair:5: 3750 daAuts
    D:13: 3667 daAuts
     D:5: 3135 daAuts
  Lair:6: 2838 daAuts
   Orc:2: 2365 daAuts
     D:3: 2276 daAuts
  Lair:3: 2208 daAuts
     D:1: 2169 daAuts
  Lair:4: 2083 daAuts
  Lair:2: 2075 daAuts
    D:11: 1880 daAuts
     D:4: 1834 daAuts
    D:10: 1816 daAuts
     D:8: 1792 daAuts
     D:9: 1711 daAuts
